 Dungeon Crawl Stone Soup version 0.29-a0-96-g93358da72b (webtiles) character file.

Game seed: 7386228740493535703

30 Sweetruy1997 the Skirmisher (level 3, -2/29 HPs)
             Began as a Demonspawn Chaos Knight on Feb 12, 2022.
             Was a Plaything of Xom.
             Slain by a gnoll (8 damage)
             ... on level 1 of the Dungeon.
             The game lasted 00:01:47 (555 turns).

Sweetruy1997 the Skirmisher (DsCK)                   Turns: 555, Time: 00:01:48

Health: -2/29      AC:  5    Str: 12    XL:     3   Next: 3%
Magic:  3/3        EV: 11    Int: 15    God:    Xom [*.....]
Gold:   47         SH:  0    Dex: 14    Spells: 2/2 levels left

rFire   . . .      SeeInvis .   a - +0 falchion (chaos)
rCold   . . .      Faith    .   (no shield)
rNeg    . . .      Spirit   .   b - +2 leather armour
rPois   .          Reflect  .   (no helmet)
rElec   .          Harm     .   (no cloak)
rCorr   .          Rampage  .   (no gloves)
Will    .....                   (no boots)
Stlth   +.........              (no amulet)
HPRegen 0.09/turn               (no ring)
MPRegen 0.08/turn               (no ring)

@: no status effects
A: claws 1, big brain 1
a: Renounce Religion


You were on level 1 of the Dungeon.
You worshipped Xom.
You were a special plaything of Xom.
You visited 1 branch of the dungeon, and saw 2 of its levels.

You collected 47 gold pieces.

Inventory:

Hand Weapons
 a - a +0 falchion of chaos (weapon)
Missiles
 d - a boomerang (quivered)
Armour
 b - a +2 leather armour (worn)
Scrolls
 c - a scroll of fog {unknown}
 e - a scroll of brand weapon {unknown}
 f - a scroll of silence {unknown}
Potions
 g - a potion of mutation {unknown}


   Skills:
 + Level 3.4 Fighting
 + Level 3.3 Long Blades
 + Level 0.3 Throwing
 + Level 1.7 Armour
 - Level 1.0 Dodging


You had 2 spell levels left.
You didn't know any spells.
Your spell library was empty.

Dungeon Overview and Level Annotations

Branches:
Dungeon (2/15)

Altars:


Innate Abilities, Weirdness & Mutations

You have sharp fingernails.
You have an unusually large brain. (Int +2)


Message History

A rat comes into view.
A rat is nearby!
You throw a boomerang. The boomerang hits the rat.
You kill the rat!
Done exploring.
Done exploring.
There is a stone staircase leading down here.
You climb downwards.
There is a stone staircase leading up here.
A gnoll comes into view. It is wielding a +0 whip.
The gnoll shouts!
You hear a shout!
You hit the gnoll but do no damage. The gnoll closely misses you.
You hit the gnoll.
The gnoll is heavily wounded.
The gnoll blinks!
A gnoll comes into view. It is wielding a +0 whip.
You closely miss the gnoll. The gnoll hits you with a +0 whip.
You hit the gnoll.
The gnoll is moderately wounded.
A gnoll comes into view. It is wielding a +0 flail.
The gnoll hits you with a +0 whip.
You hit the gnoll. You burn the gnoll.
The gnoll is heavily wounded.
You hit the gnoll.
The gnoll is almost dead.
The gnoll barely misses you.
You completely miss the gnoll.
The gnoll is almost dead.
The gnoll hits you with a +0 whip. x2; The gnoll hits you with a +0 flail.
You are too injured to fight recklessly!
You are too injured to fight recklessly!
The gnoll closely misses you.
There is a stone staircase leading up here.
The gnoll hits you with a +0 whip.
* * * LOW HITPOINT WARNING * * *
The gnoll hits you but does no damage.
You climb upwards.
There is a stone staircase leading down here.
The gnoll hits you with a +0 whip!
You die...

##...............#####
#..######............#
#.## #...[....###.## #.#
#........# #... ###.###
#........###... #.....##
#........†...## #...#..##
#..............
#...#...###..............
#......g@............#...
#...#.##g.##.##...#...#..
#..†#..##..#.##"...#..#..
#...##.###...##.....#..#.
#...##..####.##..#...#.#.
#...###.# #.......##..#.#
##### #.###.##......##.#.
#.##[.##........#..
#.##.###..######...


You could see 2 gnolls.

Vanquished Creatures
  3 dart slugs (D:1)
  3 ball pythons (D:1)
  3 giant cockroaches (D:1)
  A goblin (D:1)
  4 hobgoblins (D:1)
  2 jackals (D:1)
  A quokka (D:1)
  A bat (D:1)
  2 frilled lizards (D:1)
  A rat (D:1)
21 creatures vanquished.

Notes
Turn   | Place    | Note
-------+----------+-------------------------------------------
     0 | D:1      | Sweetruy1997 the Demonspawn Chaos Knight began the quest
                  | for the Orb.
     0 | D:1      | Reached XP level 1. HP: 18/18 MP: 1/1
    20 | D:1      | XOM: potion effect (haste)
   172 | D:1      | Gained mutation: You have sharp fingernails. [demonic
                  | ancestry]
   172 | D:1      | Reached XP level 2. HP: 24/24 MP: 2/2
   267 | D:1      | XOM: potion effect (haste)
   276 | D:1      | Reached skill level 1 in Dodging
   437 | D:1      | Gained mutation: You have an unusually large brain. (Int
                  | +2) [demonic ancestry]
   437 | D:1      | Reached XP level 3. HP: 29/29 MP: 3/3
   555 | D:1      | Slain by a gnoll

Illustrated notes

Levels and vault maps discovered:
D:1:      minmay_arrival_radiant_lines, layout_rooms
D:2:      layout_basic, dreamdust_ecumenical_altar_hidden_monk_grotto,
          minmay_misc_feat_tower, nrook_campfire, uniq_jessica

Skill      XL: |  1  2 |
---------------+-------+-----
Long Blades    | 3 |  3.3
Dodging        | 1 |  1.0
Fighting       | |  3.4
Throwing       | |  0.3
Armour         | |  1.7

Action                   || total
-------------------------++-------
Melee: Falchion          ||    43
Throw: Boomerang         ||    36
Armor: Leather armour    ||    11
Dodge: Dodged            ||    27

Table legend: (Time is in decaauts)
 A = Elapsed time spent in this place.
 B = Non-inter-level travel time spent in this place.
 C = Inter-level travel time spent in this place.
 D = Time resting spent in this place.
 E = Time spent auto-exploring this place.
 F = Levels seen in this place.
 G = Mean time per level.
                   A        B        C        D        E       F      G
               +--------+--------+--------+--------+--------+-----+--------+
         Total |    536 |    532 |      4 |      0 |    398 |   2 |  268.0 |
       Dungeon |    536 |    532 |      4 |      0 |    398 |   2 |  268.0 |
               +--------+--------+--------+--------+--------+-----+--------+

Top non-repeatable levels by time:
     D:1: 524 daAuts
     D:2: 11 daAuts
